 Dungeon Crawl Stone Soup version 0.28.0-45-g0d030f2227 (webtiles) character file.

Game seed: 848180625964140990

66626 Peloso the Fencer (level 14, -2/135 HPs)
             Began as a Minotaur Fighter on Apr 23, 2022.
             Was the Champion of Okawaru.
             Killed from afar by a hellion (19 damage)
             ... with damnation
             ... on level 3 of the Abyss.
             The game lasted 00:59:20 (26584 turns).

Peloso the Fencer (Minotaur Fighter)               Turns: 26584, Time: 00:59:21

Health: -2/135     AC: 27    Str: 27    XL:     14   Next: 79%
Magic:  15/15      EV: 11    Int:  8    God:    Okawaru [******]
Gold:   394        SH:  8    Dex: 20    Spells: 13/13 levels left

rFire   + . .      SeeInvis .   a - +3 scimitar (flame)
rCold   . . .      Faith    .   c - +0 buckler
rNeg    . . .      Spirit   .   q - +1 plate armour {rPois}
rPois   +          Reflect  .   D - +2 hat {Int+3}
rElec   .          Harm     .   L - +0 cloak "Nayn" {Dex+4}
rCorr   +          Rampage  .   s - +2 pair of gloves {Str+3}
Will    +....                   C - +0 pair of boots of Honour {rPois Dex+2}
Stlth   ..........              (no amulet)
HPRegen 0.32/turn               K - +4 ring of slaying
MPRegen 0.14/turn               U - ring "Mics" {+Blink rF+ rCorr Dex+2 Slay+5}

@: about to teleport
A: horns 2, retaliatory headbutt
a: Renounce Religion, Evoke Blink, Heroism, Finesse, Duel


You were on level 3 of the Abyss.
You worshipped Okawaru.
Okawaru was exalted by your worship.
You visited 4 branches of the dungeon, and saw 19 of its levels.
You visited the Abyss 1 time.
You also visited: Ossuary and Gauntlet.

You collected 1769 gold pieces.
You spent 1375 gold pieces at shops.

Inventory:

Hand Weapons
 a - a +3 scimitar of flaming (weapon)
 b - a +0 long sword of electrocution
 y - a +0 demon whip of venom
Missiles
 g - 4 throwing nets (quivered)
Armour
 c - a +0 buckler (worn)
 q - a +1 plate armour of poison resistance (worn)
 s - a +2 pair of gloves of strength (worn)
 A - +0 swamp dragon scales
 B - the +0 pair of gloves of Cialemy {rC- MP+9 Int-2 Dex+5}
   (Okawaru gifted it to you in a Gauntlet)

   Int:       It affects your intelligence (-2).
   Dex:       It affects your dexterity (+5).
   rC:        It makes you vulnerable to cold.
   MP:        It affects your magic capacity (+9).
 C - the +0 pair of boots of Honour (worn) {rPois Dex+2}
   (You bought it in a shop on level 7 of the Dungeon)

   Dex:       It affects your dexterity (+2).
   rPois:     It protects you from poison.
 D - a +2 hat of intelligence (worn)
 L - the +0 cloak "Nayn" (worn) {Dex+4}
   (Okawaru gifted it to you on level 11 of the Dungeon)

   Dex:       It affects your dexterity (+4).
 R - +0 pearl dragon scales
Jewellery
 e - a ring of flight
 z - a ring of willpower
 F - a ring of protection from cold
 J - the ring of the Evening {Fly rCorr Str+4}
   (You found it on level 10 of the Dungeon)

   [ring of flight]

   Str:       It affects your strength (+4).
   Fly:       It grants you flight.
   rCorr:     It protects you from acid and corrosion.
 K - a +4 ring of slaying (left hand)
 O - a ring of protection from cold
 P - a ring of see invisible
 T - a +4 ring of protection
 U - the ring "Mics" (right hand) {+Blink rF+ rCorr Dex+2 Slay+5}
   (You bought it in a shop on level 2 of the Orcish Mines)

   [ring of resist corrosion]

   Dex:       It affects your dexterity (+2).
   Slay:      It affects your accuracy & damage with ranged weapons and melee
   (+5).
   rF:        It protects you from fire.
   +Blink:    It lets you blink.
   rCorr:     It protects you from acid and corrosion.
Wands
 r - a wand of polymorph (2)
 M - a wand of paralysis (10)
 S - a wand of digging (12)
Scrolls
 f - 5 scrolls of immolation
 h - 7 scrolls of enchant weapon
 k - 5 scrolls of teleportation
 m - 3 scrolls of blinking
 p - 3 scrolls of fog
 t - 5 scrolls of enchant armour
 v - 2 scrolls of fear
 w - 2 scrolls of holy word
 E - 2 scrolls of amnesia
 G - a scroll of noise
 N - 3 scrolls of silence
 Q - 6 scrolls of identify
Potions
 d - 3 potions of might
 j - 12 potions of curing
 l - 3 potions of resistance
 n - 7 potions of brilliance
 o - 3 potions of heal wounds
 u - 5 potions of flight
 x - 5 potions of mutation
 H - a potion of berserk rage
Miscellaneous
 i - a lightning rod (4/4)
 I - a tin of tremorstones (2/2)


   Skills:
 + Level 15.1 Fighting
 + Level 17.4 Long Blades
 + Level 16.6 Armour
 + Level 6.1 Dodging
 + Level 3.8 Stealth
 + Level 11.9 Shields
 + Level 3.2 Invocations
 + Level 0.7 Evocations


You had 13 spell levels left.
You didn't know any spells.
Your spell library contained the following spells:

 Spells                   Type           Power      Damage    Failure   Level
 Magic Dart               Conj           0%         1d3       96%         1
 Pain                     Necr           0%         1d4       96%         1
 Blink                    Tloc           0%         N/A       99%         2
 Corpse Rot               Necr/Air       0%         N/A       99%         2
 Poisonous Vapours        Pois/Air       0%         N/A       99%         2
 Scorch                   Fire           0%         2d5       99%         2
 Dazzling Flash           Conj/Hex       0%         N/A       100%        3
 Gell's Gravitas          Tloc           0%         N/A       100%        3
 Inner Flame              Hex/Fire       0%         N/A       100%        3
 Lesser Beckoning         Tloc           0%         N/A       100%        3
 Mephitic Cloud           Conj/Pois/Air  0%         N/A       100%        3
 Stone Arrow              Conj/Erth      0%         3d7       100%        3
 Swiftness                Air            0%         N/A       100%        3
 Teleport Other           Tloc           0%         N/A       100%        3
 Vampiric Draining        Necr           0%         2d6       100%        3
 Cause Fear               Hex            0%         N/A       100%        4
 Flame Wave               Conj/Fire      0%         2d4       100%        4
 Leda's Liquefaction      Hex/Erth       0%         N/A       100%        4
 Passage of Golubria      Tloc           0%         N/A       100%        4
 Agony                    Necr           0%         N/A       100%        5
 Excruciating Wounds      Necr           0%         N/A       100%        5
 Lee's Rapid Deconstruct  Erth           0%         3d5*      100%        5
 Manifold Assault         Tloc           0%         N/A       100%        5
 Silence                  Hex/Air        0%         N/A       100%        5
 Yara's Violent Unravell  Hex/Tmut       0%         3d3       100%        5
 Dispersal                Tloc           0%         N/A       100%        6
 Iron Shot                Conj/Erth      0%         9d1       100%        6
 Statue Form              Tmut/Erth      0%         N/A       100%        6
 Discord                  Hex            0%         N/A       100%        8
 Lehudib's Crystal Spear  Conj/Erth      0%         10d2      100%        8
 Animate Skeleton         Necr           Unusable   N/A       N/A         1
 Call Imp                 Summ           Unusable   N/A       N/A         2
 Tukima's Dance           Hex            Unusable   N/A       N/A         3
 Animate Armour           Summ/Erth      Unusable   N/A       N/A         4
 Summon Cactus Giant      Summ           Unusable   N/A       N/A         6

Dungeon Overview and Level Annotations

Branches:
Dungeon (13/15)            Temple (1/1) D:4            Lair (3/6) D:9
  Swamp (0/4) Lair:3          Orc (2/2) D:11            Elf (0/3) Orc:2
Ossuary (visited)         Gauntlet (visited)
  Snake: Lair:2-4    Spider: Lair:2-4    Vaults: D:13-14

Altars:
Ashenzari
Cheibriados
Dithmenos
Elyvilon
Fedhas
Gozag
Hepliaklqana
Kikubaaqudgha
Makhleb
Nemelex Xobeh
Okawaru
Qazlal
Ru
Sif Muna
Trog
Uskayaw
Vehumet
Wu Jian
Xom
Yredelemnul
Zin
The Shining One
Beogh

Shops:
D:5 (([**   D:7 *[:?   Orc:2 !=:=!


Innate Abilities, Weirdness & Mutations

You have a pair of horns on your head.
You reflexively headbutt those who attack you in melee.


Message History

You block the green death's attack. Something hits you but does no damage.
Deactivating autopickup; reactivate with Ctrl-A.
You slice the green death!! You burn the green death.
You kill the green death!
That felt strangely unrewarding.
You feel sick.
You feel sick.
A large abomination comes into view.
You feel sick.
You feel sick.
A hellion comes into view.
You feel sick.
The hellion gives a hideous shriek!
A large abomination comes into view.
The white imp gestures at you. The puff of frost hits you.
You feel sick. The white imp gestures at you. You block the puff of frost.
You feel sick.
You feel sick.
You feel sick.
You are no longer poisoned.
The hellion gestures at you.
The sphere of damnation explodes!
The damnation engulfs you!!
* * * LOW HITPOINT WARNING * * *
The damnation engulfs something!!
You hear a low.
The white imp gestures at you.
The puff of frost hits something.
As you read the scroll of teleportation, it crumbles to dust.
You feel strangely unstable.
You feel the power of the Abyss delaying your translocation!
Something hits you but does no damage. The hellion gestures at you.
The sphere of damnation explodes!
The damnation engulfs you!
* * * LOW HITPOINT WARNING * * *
You slice something!! You burn something. The hellion gestures at you.
The sphere of damnation explodes!
The damnation engulfs you!!
You die...

........5#.# ###.
...#.....###...# .
#.##..#..##.##.##..
..................
...#.....#.2...#
..###...###X..##
...#.....#.....#.
........{.........
.......@..........
..................
..#.....#.....#...
##...####...###.
#.... #.## ......
..# ....... ..
.......


You could see a large abomination and a hellion.

Vanquished Creatures
  Gastronok (D:8)
  A balrug (Gauntlet)
  An orc warlord (Orc:1)
  A minotaur (Gauntlet)
  A green death (Abyss:3)
  A boulder beetle (Orc:2)
  6 hydras
  3 two-headed ogres
  A catoblepas (Lair:3)
  The ghost of CryoSword the Grappler, a journeyman VSTm of Kikubaaqudgha (Lair:2)
  Erica (D:10)
  A death knight (D:12)
  A centaur warrior (D:9)
  12 death yaks
  A tengu warrior (D:12)
  7 orc high priests (Orc:2)
  A death drake (Gauntlet)
  5 wizards (D:13)
  A deep elf pyromancer (D:12)
  A phantasmal warrior (D:12)
  An oklob plant (Lair:3)
  An orc sorcerer (Orc:2)
  5 ugly things
  2 cyclopes (Orc:1)
  A spectral centaur (Gauntlet)
  5 elephants (Lair:1)
  3 manticores
  5 centaur zombies
  Joseph (D:7)
  7 cane toads
  3 gargoyles
  Maggie (D:6)
  4 komodo dragons
  A tengu conjurer (D:12)
  A freezing wraith (D:12)
  4 trolls
  Grinder (D:6)
  3 slime creatures (D:13)
  9 flying skulls (Gauntlet)
  3 starcursed masses (Abyss:3)
  Sigmund (D:2)
  A shadow (D:12)
  2 vampires
  3 wraiths (D:12)
  A wyvern (D:9)
  A golden eye (shapeshifter) (D:10)
  2 basilisks
  41 yaks
  2 chaos spawn (Gauntlet)
  2 steam dragons
  3 vampire mosquitoes (D:10)
  A neqoxec (Gauntlet)
  5 wargs (Orc:2)
  3 acid dragons
  A swamp worm (Lair:3)
  20 water moccasins
  An ice beast (D:7)
  A sky beast (D:4)
  18 orc warriors
  6 ogres
  3 black bears
  A hornet zombie (D:8)
  A necrophage (D:7)
  40 wolves
  6 centaurs
  A phantom (D:4)
  2 kobold brigands
  12 bullfrogs
  3 gnoll sergeants
  2 wyvern zombies
  2 scorpions (D:6)
  2 water moccasin zombies (Ossuary)
  2 water moccasin skeletons
  7 killer bees
  5 electric eels (D:7)
  14 wights
  A howler monkey (D:6)
  A bullfrog zombie (D:6)
  A jelly (D:5)
  Crazy Yiuf (D:4)
  36 orc priests
  5 hounds
  2 centaur skeletons
  5 iguanas
  Terence (D:2)
  22 orc wizards
  3 mummies
  A howler monkey zombie (D:6)
  15 gnolls
  11 adders
  A shadow imp (D:6)
  An ufetubus (D:5)
  4 adder zombies (Ossuary)
  A dart slug (D:1)
  95 orcs
  3 bats (D:1)
  6 endoplasms
  6 giant cockroaches
  2 gnoll zombies (Ossuary)
  5 goblins
  7 hobgoblins
  9 jackals
  16 kobolds
  6 quokkas
  5 ball pythons
  A frilled lizard (D:2)
  7 hobgoblin zombies (Ossuary)
  6 kobold zombies (Ossuary)
  7 orc zombies (Ossuary)
  7 rats
627 creatures vanquished.

Vanquished Creatures (others)
  A white imp (D:7)
  9 fungi
  16 plants
  A withered plant (Gauntlet)
27 creatures vanquished.

Grand Total: 654 creatures vanquished

Notes
Turn   | Place    | Note
-------+----------+-------------------------------------------
     0 | D:1      | Peloso the Minotaur Fighter began the quest for the Orb.
     0 | D:1      | Reached XP level 1. HP: 19/19 MP: 0/0
   290 | D:1      | Reached XP level 2. HP: 27/27 MP: 1/1
   491 | D:1      | Found a faded altar of an unknown god.
  1061 | D:2      | Noticed Terence
  1073 | D:2      | Killed Terence
  1074 | D:2      | Reached XP level 3. HP: 18/33 MP: 2/2
  1133 | D:2      | Reached skill level 3 in Long Blades
  1294 | D:2      | Reached XP level 4. HP: 40/40 MP: 3/3
  1317 | D:2      | Reached skill level 1 in Dodging
  1592 | D:2      | Noticed Sigmund
  1598 | D:2      | Killed Sigmund
  1599 | D:2      | Reached skill level 4 in Long Blades
  1599 | D:2      | Reached skill level 5 in Armour
  1599 | D:2      | Reached XP level 5. HP: 42/47 MP: 4/4
  1972 | D:3      | You fall into a shaft and drop 2 floors!
  1972 | D:5      | Entered Level 5 of the Dungeon
  1990 | D:5      | Found Uwuxo's General Store.
  2009 | D:5      | Reached XP level 6. HP: 53/53 MP: 5/5
  2122 | D:4      | Reached skill level 5 in Long Blades
  2374 | D:4      | Reached XP level 7. HP: 44/60 MP: 6/6
  2393 | D:4      | Found a sand-covered staircase.
  2400 | Ossuary  | Entered an ossuary
  2530 | Ossuary  | Reached skill level 6 in Long Blades
  2572 | Ossuary  | Reached skill level 5 in Fighting
  2848 | D:4      | Found a staircase to the Ecumenical Temple.
  2862 | Temple   | Entered the Ecumenical Temple
  3493 | D:4      | Found a runed translucent door.
  3494 | D:4      | Noticed Crazy Yiuf
  3712 | D:4      | Killed Crazy Yiuf
  3713 | D:4      | Reached skill level 7 in Long Blades
  4027 | D:3      | Reached skill level 5 in Shields
  4552 | D:5      | Found an iron altar of Okawaru.
  4552 | D:5      | Found Piystuicle's Weapon Emporium.
  4556 | D:5      | Found a sacrificial altar of Ru.
  4586 | D:4      | Reached XP level 8. HP: 41/68 MP: 7/7
  4721 | D:4      | Reached skill level 8 in Long Blades
  4740 | D:5      | Reached skill level 1 in Stealth
  4967 | D:5      | Found Yvymook's Armour Shop.
  4994 | D:5      | Became a worshipper of Warmaster Okawaru
  5082 | D:5      | Found Jeocs's Assorted Antiques.
  5128 | D:5      | Found Wamion's Weapon Shop.
  5324 | D:6      | Got the Tome of Ashen Lightness
  5438 | D:6      | Noticed Grinder
  5464 | D:6      | Killed Grinder
  5469 | D:6      | Reached skill level 9 in Long Blades
  5685 | D:6      | Reached * piety under Okawaru
  5802 | D:6      | Reached XP level 9. HP: 73/75 MP: 8/8
  5888 | D:6      | Noticed Maggie
  5897 | D:6      | Killed Maggie
  5898 | D:6      | Reached skill level 10 in Long Blades
  6226 | D:7      | Found Ifoc's Armour Shoppe.
  6239 | D:7      | Identified the +1 leather armour of Ru {MP+9}
  6450 | D:7      | Found Fudgheg's General Store.
  6525 | D:7      | Found Dioraiz's Book Emporium.
  6672 | D:8      | Noticed Joseph
  6864 | D:7      | Killed Joseph
  6864 | D:7      | Reached ** piety under Okawaru
  7110 | D:8      | Reached skill level 11 in Long Blades
  7275 | D:8      | Noticed Gastronok
  7625 | D:8      | Killed Gastronok
  7626 | D:8      | Reached XP level 10. HP: 88/88 MP: 7/9
  7701 | D:8      | Reached *** piety under Okawaru
  7723 | D:8      | Reached skill level 1 in Invocations
  8448 | D:9      | Noticed a death yak
  8475 | D:9      | Killed a death yak
  8476 | D:9      | Reached skill level 12 in Long Blades
  8637 | D:9      | Found a staircase to the Lair.
  8643 | D:9      | Noticed a centaur warrior
  8657 | D:9      | Killed a centaur warrior
  8658 | D:9      | Reached skill level 10 in Armour
  8962 | D:9      | Reached **** piety under Okawaru
  9055 | D:9      | Noticed a two-headed ogre
  9065 | D:9      | Killed a two-headed ogre
  9361 | D:9      | Reached XP level 11. HP: 92/95 MP: 11/11
  9375 | D:9      | Noticed a two-headed ogre
  9381 | D:9      | Killed a two-headed ogre
  9382 | D:9      | Reached skill level 13 in Long Blades
  9382 | D:9      | Noticed a death yak
  9409 | D:9      | Killed a death yak
  9410 | D:9      | Noticed a death yak
  9422 | D:9      | Reached ***** piety under Okawaru
  9435 | D:9      | Killed a death yak
 10622 | D:7      | Reached skill level 14 in Long Blades
 11755 | D:7      | Found Kusizxexas's Magic Scroll Shop.
 11759 | D:7      | Bought a scroll of identify for 28 gold pieces
 11759 | D:7      | Bought a scroll of identify for 28 gold pieces
 11759 | D:7      | Bought a scroll of identify for 28 gold pieces
 11916 | D:7      | Bought the +0 pair of boots of Honour {rPois Dex+2} for 298
                  | gold pieces
 11979 | D:10     | Entered Level 10 of the Dungeon
 12675 | D:10     | Noticed Erica
 12833 | D:10     | Killed Erica
 12876 | D:10     | Identified the ring of the Evening {Fly rCorr Str+4}
 12968 | D:10     | Reached skill level 5 in Dodging
 13412 | D:10     | Noticed a red ugly thing
 13422 | D:10     | Killed a red ugly thing
 13518 | D:10     | Reached skill level 10 in Fighting
 13602 | D:10     | Noticed a green ugly thing
 13629 | D:10     | Killed a green ugly thing
 13631 | D:10     | Reached XP level 12. HP: 92/106 MP: 10/12
 13870 | D:11     | Identified the +0 cloak "Nayn" {Dex+4} (Okawaru gifted it
                  | to you on level 11 of the Dungeon)
 13870 | D:11     | Received a gift from Okawaru
 14248 | D:11     | Found a staircase to the Orcish Mines.
 14713 | Lair:1   | Entered Level 1 of the Lair of Beasts
 14806 | Lair:1   | Reached skill level 15 in Long Blades
 14976 | Lair:1   | Noticed an eight-headed hydra
 14984 | Lair:1   | Killed a two-headed hydra
 15112 | Lair:1   | Reached ****** piety under Okawaru
 15805 | Lair:1   | Noticed a death yak
 15805 | Lair:1   | Noticed a death yak
 15810 | Lair:1   | Noticed a death yak
 15811 | Lair:1   | Noticed a death yak
 15825 | Lair:1   | Killed a death yak
 15826 | Lair:1   | Killed a death yak
 15826 | Lair:1   | Received a gift from Okawaru
 15827 | Lair:1   | Reached XP level 13. HP: 104/118 MP: 13/13
 16676 | Lair:2   | Found a runed translucent door.
 16676 | Lair:2   | Noticed CryoSword's ghost (journeyman VSTm)
 16695 | Lair:2   | Reached skill level 10 in Shields
 17548 | Lair:2   | Killed CryoSword's ghost
 17795 | D:12     | Reached skill level 15 in Armour
 18115 | D:12     | Received a gift from Okawaru
 18158 | D:12     | Reached skill level 16 in Long Blades
 19697 | Lair:3   | Found a gate leading to a gauntlet.
 19718 | Gauntlet | Entered a Gauntlet
 19718 | Gauntlet | Found a transporter.
 19723 | Gauntlet | Found a transporter.
 19727 | Gauntlet | Found a transporter.
 19732 | Gauntlet | Found a transporter.
 19739 | Gauntlet | Found a transporter.
 19744 | Gauntlet | Found a transporter.
 19748 | Gauntlet | Found a transporter.
 19756 | Gauntlet | Found a transporter.
 19760 | Gauntlet | Found a transporter.
 19765 | Gauntlet | Found a transporter.
 19772 | Gauntlet | Found a transporter.
 19776 | Gauntlet | Found a transporter.
 19780 | Gauntlet | Found a runed translucent door.
 19780 | Gauntlet | Found a runed translucent door.
 19781 | Gauntlet | Found a transporter.
 19783 | Gauntlet | Noticed a balrug
 19788 | Gauntlet | Found a transporter.
 20361 | Gauntlet | Killed a balrug
 20361 | Gauntlet | Identified the +0 pair of gloves of Cialemy {rC- MP+9 Int-2
                  | Dex+5} (Okawaru gifted it to you in a Gauntlet)
 20361 | Gauntlet | Received a gift from Okawaru
 20362 | Gauntlet | Reached XP level 14. HP: 130/130 MP: 13/15
 22207 | Lair:3   | Found a staircase to the Swamp.
 22607 | Orc:1    | Entered Level 1 of the Orcish Mines
 22703 | Orc:1    | You are sucked into a shaft and drop 1 floor!
 22703 | Orc:2    | Entered Level 2 of the Orcish Mines
 23117 | Orc:2    | Found Ehaps's Distillery.
 23862 | Orc:2    | Reached skill level 17 in Long Blades
 24018 | Orc:2    | Found Kuot Yfiu's Distillery.
 24018 | Orc:2    | Found Qoghaism's Jewellery Shop.
 24759 | Orc:2    | Found a staircase to the Elven Halls.
 24838 | Orc:2    | Found Zuadgh's Book Emporium.
 24838 | Orc:2    | Found Vutiex's Jewellery Shop.
 25374 | Orc:1    | Noticed an orc warlord
 25636 | Orc:1    | Killed an orc warlord
 25978 | Orc:2    | Bought the ring "Mics" {+Blink rF+ rCorr Dex+2 Slay+5} for
                  | 993 gold pieces
 26113 | D:13     | Reached skill level 15 in Fighting
 26296 | D:13     | Received a gift from Okawaru
 26511 | D:13     | Cast into level 3 of the Abyss (a wizard)
 26519 | Abyss:3  | Noticed a starcursed mass
 26584 | Abyss:3  | Killed from afar by a hellion

Illustrated notes

Levels and vault maps discovered:
D:1:      amcnicky_arrival_choice, layout_loops_ring,
          dreamdust_ecumenical_altar_statues
D:2:      layout_basic, uniq_terence, uniq_sigmund
D:3:      layout_loops_cross
D:4:      layout_loops_ring, minmay_temple_entry_junction,
          gup_ossuary_entry_pyramid, uniq_crazy_yiuf_cottage
D:5:      layout_cave_pools, grunt_temple_overflow_open, serial_shops,
          shop_fountains, nicolae_stop_n_shop_1, shop,
          nicolae_shop_hallway_plus, nicolae_shop_competitors_out_of_business
D:6:      layout_loops_ring, uniq_grinder, uniq_maggie
D:7:      wad_lake_hut, layout_basic, serial_shops, shop, shop,
          kennysheep_mini_moat, nicolae_shop_stone
D:8:      layout_loops_ring, uniq_gastronok, uniq_joseph
D:9:      layout_basic, dpeg_lair_monsters
D:10:     layout_basic, minmay_shattered_shrine, uniq_erica
D:11:     layout_small_grid, david_orc_4
D:12:     layout_long_grid, kennysheep_generic_room_14
D:13:     minmay_smoke_and_mirrors, layout_loops_cross,
          nicolae_twisting_strands, drop_trap, uniq_josephine, uniq_frances
Temple:   mainiacjoe_temple_cubbyholes
Lair:1:   layout_chaotic_city, grunt_forest_large_clearings,
          infiniplex_staircase_pool_2
Lair:2:   layout_chaotic_city, hellmonk_ghost_happy_afterlife
Lair:3:   layout_regular_city, palyth_hydra_swamp_entry, gauntlet_entry_generic,
          minmay_lair_oklob_items
Orc:1:    layout_diamond_mine, rock_pile
Orc:2:    st_orc_town, layout_diamond_mine, serial_shops,
          nicolae_shop_waterfront, hellmonk_bongcloud_opening
Abyss:3:  base: D:13, hangedman_abyss_or_decor_stabs

Skill      XL: |  1  2  3  4  5  6  7  8  9 10 11 12 13 14 |
---------------+-------------------------------------------+-----
Fighting       | 4 5 6 7 8 10 12 13 15 | 15.1
Armour         | 4 5 6 8 9 10 12 14 15 16 | 16.6
Shields        | 4 5 6 7 8 9 11 | 11.9
Long Blades    | 3 4 5 7 9 11 12 14 15 16 17 | 17.4
Dodging        | 2 3 4 5 6 |  6.1
Stealth        | 1 2 3 |  3.8
Invocations    | 1 2 3 |  3.2
Evocations     | |  0.7

Action                   |  1- 3 |  4- 6 |  7- 9 | 10-12 | 13-15 || total
-------------------------+-------+-------+-------+-------+-------++-------
Melee: Long sword        |    82 |   113 |   345 |   327 |       ||   867
       Headbutt          |     8 |    17 |    64 |   136 |   170 ||   395
       Scimitar          |       |       |       |   308 |   653 ||   961
Invok: Heroism           |       |       |     4 |    14 |    12 ||    30
Evoke: Wand              |       |       |     3 |       |       ||     3
       Lightning rod     |       |       |       |       |     1 ||     1
  Use: Scroll            |       |     3 |     7 |    12 |     8 ||    30
       Potion            |       |       |     1 |       |     6 ||     7
 Stab: Invisible         |       |       |       |       |     5 ||     5
Armor: Scale mail        |    48 |       |       |       |       ||    48
       Chain mail        |    15 |    57 |   196 |    41 |       ||   309
       Plate armour      |       |       |       |   268 |   367 ||   635
Dodge: Dodged            |    49 |    45 |   129 |   237 |   266 ||   726
Block: Buckler           |    24 |    22 |    90 |   177 |   220 ||   533
